 Dungeon Crawl Stone Soup version 0.28.0 (webtiles) character file.

Game seed: 3051745107344570746

162 Razor13 the Skirmisher (level 5, -3/51 HPs)
             Began as a Gargoyle Berserker on Feb 5, 2022.
             Was a Believer of Trog.
             Engulfed by a steam dragon's steam (12 damage)
             ... on level 4 of the Dungeon.
             The game lasted 00:20:51 (3497 turns).

Razor13 the Skirmisher (Gargoyle Berserker)         Turns: 3497, Time: 00:20:51

Health: -3/51      AC: 16    Str: 21    XL:     5   Next: 43%
Magic:  5/5        EV: 10    Int:  7    God:    Trog [**....]
Gold:   146        SH:  0    Dex: 11    Spells: 4/4 levels left

rFire   . . .      SeeInvis .   i - +0 dire flail
rCold   . . .      Faith    .   (shield currently unavailable)
rNeg    + . .      Spirit   .   e - +0 scale mail
rPois   ∞          Reflect  .   f - +2 hat
rElec   +          Harm     .   n - +2 cloak
rCorr   .          Rampage  .   (no gloves)
Will    ++...                   (no boots)
Stlth   ..........              (no amulet)
HPRegen 1.17/turn               (no ring)
MPRegen 0.09/turn               (no ring)

@: berserking, strong-willed, regenerating, very quick
A: sickness immunity, AC +4, negative energy resistance 1, electricity
resistance, torment resistance 1, petrification resistance
a: Renounce Religion, Berserk, Trog's Hand


You were on level 4 of the Dungeon.
You worshipped Trog.
Trog was pleased with you.
You visited 1 branch of the dungeon, and saw 4 of its levels.

You collected 146 gold pieces.

Inventory:

Hand Weapons
 a - a +0 mace
 g - a +1 dagger of venom
 i - a +0 dire flail (weapon)
 m - a +0 morningstar
 q - a +2 dagger of draining
Missiles
 b - 2 poisoned darts
 h - 3 boomerangs (quivered)
 p - a throwing net
Armour
 e - a +0 scale mail (worn)
 f - a +2 hat (worn)
 n - a +2 cloak (worn)
Scrolls
 l - a scroll of fog
Potions
 c - a potion of curing {unknown}
 d - a potion of magic {unknown}
 j - a potion of lignification {unknown}
 k - a potion of attraction {unknown}
 o - a potion of degeneration {unknown}


   Skills:
 + Level 4.6 Fighting
 + Level 4.1 Maces & Flails
 + Level 3.8 Armour
 - Level 1.7 Dodging


You had 4 spell levels left.
You didn't know any spells.
Your spell library was empty.

Dungeon Overview and Level Annotations

Branches:
Dungeon (4/15)
 Temple: D:4-7

Altars:
Fedhas
Makhleb
Nemelex Xobeh
Ru
Uskayaw
Wu Jian


Innate Abilities, Weirdness & Mutations

You are immune to sickness and miasma.
Your stone body is resilient. (AC +4)
You are immune to poison.
You resist negative energy. (rN+)
You are resistant to electric shocks. (rElec)
You are resistant to unholy torment.
You are immune to petrification.


Message History

The ball of steam hits you!
An adder skeleton comes into view.
The hound bites you but does no damage.
The steam dragon bites you but does no damage.
The steam dragon closely misses you. The hound bites you but does no damage.
You thump the steam dragon!
The steam dragon is moderately wounded.
The hound bites you but does no damage.
The steam dragon bites you but does no damage.
The steam dragon claws you but does no damage.
You sock the steam dragon!
The steam dragon is heavily wounded.
The hound barely misses you. The hound bites you but does no damage.
The steam dragon barely misses you. The steam dragon closely misses you.
You thump the steam dragon!
The steam dragon is almost dead.
The hound barely misses you. The steam dragon breathes steam at you.
The ball of steam hits you! The hound bites you but does no damage.
The hound barely misses you. The steam dragon bites you.
The steam dragon barely misses you.
The adder skeleton is engulfed in a cloud of scalding steam.
The adder skeleton barely misses you.
You closely miss the hound. The hound bites you but does no damage.
The steam dragon bites you!
* * * LOW HITPOINT WARNING * * *
The steam dragon claws you but does no damage.
The hound barely misses you.
The adder skeleton bites you but does no damage.
You closely miss the hound. The hound bites you but does no damage.
The steam dragon breathes steam at you. The ball of steam hits you.
* * * LOW HITPOINT WARNING * * *
The adder skeleton is engulfed in a cloud of scalding steam.
The adder skeleton bites you but does no damage.
The hound bites you but does no damage.
A red film seems to cover your vision as you go berserk!
You feel yourself moving faster!
You feel mighty!
You are engulfed in a cloud of scalding steam.
You die...

#.# ..# #.# #.# #+#
##.##### #.# ......#
##.####### #.#.###.#
#.# #........#
#.....:.###.###D.Z##
###.###........h@..#
#.###.###..§.# #.#
#.# #..#§......# ..#
#.# #..#####.###
.... ..# #........#
##### ### ##.#######
#.# #.# #.#


You could see a steam dragon (catching breath), a hound and an adder skeleton.

Vanquished Creatures
  An orc wizard (D:3)
  4 adders
  2 worms (D:2)
  3 dart slugs
  4 orcs (D:3)
  6 endoplasms
  2 giant cockroaches
  2 hobgoblins (D:2)
  4 kobolds
  4 quokkas
  7 ball pythons
  6 bats
  5 frilled lizards
  10 goblins
  6 rats
66 creatures vanquished.

Vanquished Creatures (others)
  An orc wizard (D:3)
1 creature vanquished.

Grand Total: 67 creatures vanquished

Notes
Turn   | Place    | Note
-------+----------+-------------------------------------------
     0 | D:1      | Razor13 the Gargoyle Berserker began the quest for the Orb.
     0 | D:1      | Reached XP level 1. HP: 14/14 MP: 1/1
   262 | D:1      | Reached XP level 2. HP: 15/19 MP: 2/2
  1223 | D:2      | Reached XP level 3. HP: 16/24 MP: 3/3
  1717 | D:2      | Found a faded altar of an unknown god.
  1744 | D:2      | Reached XP level 4. HP: 27/29 MP: 4/4
  1875 | D:2      | Reached ** piety under Trog
  2245 | D:3      | Found a hide-covered altar of Uskayaw.
  2784 | D:3      | Reached XP level 5. HP: 34/34 MP: 5/5
  2931 | D:3      | Found a sparkling altar of Nemelex Xobeh.
  2939 | D:3      | Found a burning altar of Makhleb.
  2939 | D:3      | Found a blossoming altar of Fedhas.
  2950 | D:3      | Found a sacrificial altar of Ru.
  2951 | D:3      | Found an ornate altar of the Wu Jian Council.
  3471 | D:4      | Noticed a steam dragon
  3497 | D:4      | Engulfed by a steam dragon's steam

Illustrated notes

Levels and vault maps discovered:
D:1:      minmay_arrival_stone_box, layout_basic
D:2:      layout_basic, hellmonk_ecumenical_altar_lost_god
D:3:      layout_loops_corners, general_overflow_altar, minitemple,
          dk_noncrumbling_2, nicolae_concentric_dashed_squares_mild
D:4:      layout_loops_corners, tso_metal_star,
          mainiacjoe_overflow_surrounded_room, ebering_ghost_sewer_d

Skill      XL: |  1  2  3  4  5 |
---------------+----------------+-----
Fighting       | 4 |  4.6
Armour         | 3 |  3.8
Maces & Flails | 4 |  4.1
Dodging        | |  1.7

Action                   |  1- 3 |  4- 6 || total
-------------------------+-------+-------++-------
Melee: Mace              |    76 |       ||    76
       Hand axe          |     6 |       ||     6
       Dire flail        |    25 |   143 ||   168
       Punch             |     1 |       ||     1
Throw: Boomerang         |     3 |       ||     3
Invok: Berserk           |       |     1 ||     1
       Trog's Hand       |       |     1 ||     1
  Use: Scroll            |     1 |     3 ||     4
Armor: Animal skin       |     1 |       ||     1
       Scale mail        |    67 |    93 ||   160
Dodge: Dodged            |    52 |    68 ||   120
